 Dungeon Crawl Stone Soup version 0.28.0-45-g0d030f2227 (webtiles) character file.

Game seed: 6159315859110389354

1857 MisterFreud the Covert (level 9, -2/65 HPs)
             Began as a Gnoll Delver on May 23, 2022.
             Was a Believer of Hepliaklqana.
             Slain by a killer bee zombie (5 damage)
             ... on level 7 of the Dungeon.
             The game lasted 00:08:20 (5318 turns).

MisterFreud the Covert (Gnoll Delver)               Turns: 5318, Time: 00:08:21

Health: -2/65      AC:  4    Str: 17    XL:     9   Next: 13%
Magic:  14/14      EV: 14    Int: 14    God:    Hepliaklqana [**....]
Gold:   236        SH:  0    Dex: 13    Spells: 15/15 levels left

rFire   . . .      SeeInvis .   n - +7 long sword "Keyguabbay" {vorpal, Str+5 Stlth-}
rCold   . . .      Faith    .   (no shield)
rNeg    + . .      Spirit   .   b - +0 leather armour
rPois   .          Reflect  .   (no helmet)
rElec   .          Harm     .   D - +0 cloak
rCorr   +          Rampage  .   (no gloves)
Will    .....                   (no boots)
Stlth   +++.......              k - amulet of the acrobat
HPRegen 0.20/turn               s - ring of resist corrosion
MPRegen 0.14/turn               q - ring of positive energy

@: no status effects
A: reduced essence, fangs 1, strong nose, distributed training
a: Renounce Religion, Recall Ancestor, Ancestor Identity


You were on level 7 of the Dungeon.
You worshipped Hepliaklqana.
Hepliaklqana was pleased with you.
You visited 2 branches of the dungeon, and saw 8 of its levels.

You collected 296 gold pieces.
You spent 60 gold pieces at shops.

Inventory:

Hand Weapons
 a - a +0 short sword
 n - the +7 long sword "Keyguabbay" (weapon) {vorpal, Str+5 Stlth-}
   (You found it on level 6 of the Dungeon)

   It inflicts extra damage upon your enemies.
   Str:       It affects your strength (+5).
   Stlth:     It makes you less stealthy.
 C - a +2 quarterstaff of chaos
Missiles
 J - 7 boomerangs (quivered)
 Q - 4 javelins
Armour
 b - a +0 leather armour (worn)
 D - a +0 cloak (worn)
 G - a +0 tower shield
Jewellery
 k - an amulet of the acrobat (around neck)
 q - a ring of positive energy (right hand)
 s - a ring of resist corrosion (left hand)
 F - a ring of magical power
 P - a ring of protection from fire
Wands
 g - a wand of digging (3)
 r - a wand of flame (18)
 I - a wand of iceblast (5)
 M - a wand of paralysis (9)
Scrolls
 c - 3 scrolls of fog
 d - 2 scrolls of magic mapping
 e - a scroll of fear
 h - 2 scrolls of brand weapon {unknown}
 j - 2 scrolls of enchant weapon {unknown}
 l - a scroll of amnesia {unknown}
 m - 4 scrolls of identify {unknown}
 o - a scroll of noise {unknown}
 t - a scroll of vulnerability {unknown}
 w - 2 scrolls of holy word {unknown}
 x - 2 scrolls of teleportation {unknown}
 y - 2 scrolls of immolation {unknown}
 z - 2 scrolls of enchant armour {unknown}
 A - a scroll of acquirement {unknown}
 E - a scroll of blinking {unknown}
 H - a scroll of summoning {unknown}
Potions
 f - 3 potions of haste
 i - 3 potions of invisibility {unknown}
 p - 4 potions of heal wounds {unknown}
 u - a potion of degeneration {unknown}
 v - 2 potions of might {unknown}
 B - a potion of flight {unknown}
 K - a potion of mutation {unknown}
 L - a potion of brilliance {unknown}
 N - a potion of cancellation {unknown}
 O - a potion of curing {unknown}


   Skills:
 + Level 7.7 Fighting
 + Level 6.1 Short Blades
 + Level 3.9 Long Blades
 + Level 3.9 Axes
 + Level 3.9 Maces & Flails
 + Level 3.9 Polearms
 + Level 3.9 Staves
 + Level 3.9 Slings
 + Level 3.9 Bows
 + Level 3.9 Crossbows
 + Level 3.9 Throwing
 + Level 3.9 Armour
 + Level 6.1 Dodging
 + Level 10.4 Stealth
 + Level 3.9 Shields
 + Level 3.9 Unarmed Combat
 + Level 3.9 Spellcasting
 + Level 3.2 Conjurations
 + Level 3.2 Hexes
 + Level 3.2 Summonings
 + Level 3.2 Necromancy
 + Level 3.2 Translocations
 + Level 3.2 Transmutations
 + Level 3.2 Fire Magic
 + Level 3.2 Ice Magic
 + Level 3.2 Air Magic
 + Level 3.2 Earth Magic
 + Level 3.2 Poison Magic
 + Level 4.3 Invocations
 + Level 3.9 Evocations


You had 15 spell levels left.
You didn't know any spells.
Your spell library contained the following spells:

 Spells                   Type           Power      Damage    Failure   Level
 Beastly Appendage        Tmut           22%        N/A       6%          1
 Corpse Rot               Necr/Air       22%        N/A       10%         2
 Wereblood                Tmut           11%        N/A       10%         2
 Spider Form              Tmut/Pois      11%        N/A       19%         3
 Dispel Undead            Necr           11%        3d9       52%         4
 Death Channel            Necr           5%         N/A       100%        6
 Borgnjor's Revivificati  Necr           5%         N/A       100%        8
 Necromutation            Tmut/Necr      5%         N/A       100%        8
 Death's Door             Necr           5%         N/A       100%        9


Dungeon Overview and Level Annotations

Branches:
Dungeon (7/15)             Temple (1/1) D:6

Altars:
Ashenzari
Cheibriados
Dithmenos
Fedhas
Gozag
Hepliaklqana
Makhleb
Nemelex Xobeh
Qazlal
Ru
Sif Muna
Trog
Uskayaw
Vehumet
Wu Jian
Xom
Yredelemnul
Zin
The Shining One

Shops:
D:2 *


Innate Abilities, Weirdness & Mutations

Your life essence is reduced to manifest your ancestor. (-10% HP)
You have very sharp teeth.
Your uncanny sense of smell can sniff out nearby items.
Your experience applies equally to all skills.


Message History

The sling bullet hits Dejan!
Dejan is destroyed!
Joseph shouts!
You hear a shout!
You hear an angry buzzing noise.
Joseph shoots a sling bullet.
The sling bullet hits you!!
* * * LOW HITPOINT WARNING * * *
You hear a croak.
You hear an angry buzzing noise.
A killer bee zombie comes into view.
Joseph unwields a +0 hunting sling.
Joseph wields a +0 quarterstaff.
Joseph misses you.
The killer bee zombie moves out of view.
You hear an angry hiss.
You hit Joseph.
You kill Joseph!
Your Short Blades skill increases to level 6!
Your Dodging skill increases to level 6!
You have reached level 9!
Your experience leads to an increase in your attributes!
Your base attributes are Str 12, Int 12, Dex 13.
Increase (S)trength, (I)ntelligence, or (D)exterity?
You feel clever. x2
You slash the killer bee zombie!
The killer bee zombie is severely damaged.
The killer bee zombie hits you.
* * * LOW HITPOINT WARNING * * *
The killer bee zombie closely misses you.
You closely miss the killer bee zombie.
The killer bee zombie is severely damaged.
The killer bee zombie hits you but does no damage.
The killer bee zombie hits you.
* * * LOW HITPOINT WARNING * * *
You hit the killer bee zombie.
The killer bee zombie is almost destroyed.
The killer bee zombie hits you.
* * * LOW HITPOINT WARNING * * *
The killer bee zombie hits you.
* * * LOW HITPOINT WARNING * * *
The killer bee zombie hits you.
You die...

. #.. .....#####
#...)..# ###
..Z..###.# #.. .##
#.# #.# ∆ #.# #.#
#.################.#
#.Z@..##............
#####.##.#####......
#.##.# #.###..
#.##.#####.# #..
#.######.##.#.....#
#..
#.......>##.#.#####
#..
#######..##.#.#####
##. #...........# #.
#.#.#.#####.# #.


You could see a killer bee zombie.

Vanquished Creatures
  Joseph (D:7)
  Menkaure (D:4)
  An orc warrior (D:5)
  2 centaurs
  A scorpion (D:6)
  A water moccasin zombie (D:5)
  A water moccasin skeleton (D:5)
  2 howler monkeys (D:5)
  A bullfrog zombie (D:5)
  2 hounds (D:6)
  Crazy Yiuf (D:2)
  A bullfrog skeleton (D:5)
  A jelly (D:6)
  Ijyb (D:3)
  An iguana (D:5)
  2 orc wizards
  2 hound skeletons
  7 gnolls
  3 adders (D:4)
  A worm (D:2)
  9 orcs
  5 endoplasms
  2 giant cockroaches
  10 goblins
  11 hobgoblins
  2 jackals (D:2)
  6 quokkas
  3 ball pythons
  2 bats (D:2)
  3 frilled lizards
  7 kobolds
  11 rats
104 creatures vanquished.

Vanquished Creatures (collateral kills)
  Edmund (D:5)
  2 ogres
  A wight (D:5)
  2 iguanas
  A hound skeleton (D:5)
  A gnoll (D:4)
  3 adders (D:4)
  4 orcs
  An endoplasm (D:4)
  A giant cockroach (D:4)
  3 kobolds
  2 quokkas
  A ball python (D:4)
  A rat (D:2)
24 creatures vanquished.

Vanquished Creatures (others)
  3 battlemagi
3 creatures vanquished.

Grand Total: 131 creatures vanquished

Notes
Turn   | Place    | Note
-------+----------+-------------------------------------------
     0 | D:5      | Reached skill level 9 in Stealth
     0 | D:5      | MisterFreud the Gnoll Delver began the quest for the Orb.
     0 | D:5      | Reached XP level 1. HP: 23/23 MP: 1/1
     1 | D:5      | Noticed a howler monkey
    17 | D:5      | Killed a howler monkey
    18 | D:5      | Reached skill level 1 in Invocations
    18 | D:5      | Reached XP level 2. HP: 7/29 MP: 1/3
    18 | D:5      | Reached XP level 3. HP: 9/35 MP: 1/4
    23 | D:5      | Noticed an orc warrior
    25 | D:6      | Noticed a scorpion
    29 | D:6      | Killed a scorpion
    30 | D:6      | Reached skill level 1 in Long Blades
    30 | D:6      | Reached skill level 1 in Axes
    30 | D:6      | Reached skill level 1 in Maces & Flails
    30 | D:6      | Reached skill level 1 in Polearms
    30 | D:6      | Reached skill level 1 in Staves
    30 | D:6      | Reached skill level 1 in Slings
    30 | D:6      | Reached skill level 1 in Bows
    30 | D:6      | Reached skill level 1 in Crossbows
    30 | D:6      | Reached skill level 1 in Throwing
    30 | D:6      | Reached skill level 1 in Armour
    30 | D:6      | Reached skill level 1 in Shields
    30 | D:6      | Reached skill level 1 in Unarmed Combat
    30 | D:6      | Reached skill level 1 in Spellcasting
    30 | D:6      | Reached skill level 1 in Conjurations
    30 | D:6      | Reached skill level 1 in Hexes
    30 | D:6      | Reached skill level 1 in Summonings
    30 | D:6      | Reached skill level 1 in Necromancy
    30 | D:6      | Reached skill level 1 in Translocations
    30 | D:6      | Reached skill level 1 in Transmutations
    30 | D:6      | Reached skill level 1 in Fire Magic
    30 | D:6      | Reached skill level 1 in Ice Magic
    30 | D:6      | Reached skill level 1 in Air Magic
    30 | D:6      | Reached skill level 1 in Earth Magic
    30 | D:6      | Reached skill level 1 in Poison Magic
    30 | D:6      | Reached skill level 1 in Evocations
    30 | D:6      | Reached XP level 4. HP: 12/41 MP: 2/5
   346 | D:6      | Reached XP level 5. HP: 46/47 MP: 5/7
   352 | D:6      | Found a staircase to the Ecumenical Temple.
   375 | Temple   | Entered the Ecumenical Temple
   543 | Temple   | Became a worshipper of Hepliaklqana the Forgotten
   575 | D:6      | Identified the +7 long sword "Keyguabbay" {vorpal, Str+5
                  | Stlth-}
   806 | D:1      | Found a faded altar of an unknown god.
   877 | D:1      | You fall into a shaft and drop 1 floor!
   912 | D:1      | Reached * piety under Hepliaklqana
  1493 | D:2      | Found Korown's Assorted Antiques.
  1503 | D:2      | Bought a scroll labelled POSUCE JESHU for 20 gold pieces
  1503 | D:2      | Bought a scroll labelled AMUHE ZAMAEN for 20 gold pieces
  1503 | D:2      | Bought a scroll labelled LIOCACV ZISMO for 20 gold pieces
  1649 | D:2      | Found a runed translucent door.
  1650 | D:2      | Noticed Crazy Yiuf
  1693 | D:2      | Reached XP level 6. HP: 47/47 MP: 8/8
  2093 | D:2      | Killed Crazy Yiuf
  2256 | D:3      | Reached skill level 5 in Short Blades
  2256 | D:3      | Reached skill level 5 in Dodging
  2347 | D:3      | Noticed Ijyb
  2359 | D:3      | Killed Ijyb
  2803 | D:4      | Noticed Menkaure
  2806 | D:4      | Reached XP level 7. HP: 42/53 MP: 10/10
  2832 | D:5      | Reached ** piety under Hepliaklqana
  2845 | D:3      | Remembered your ancestor Dejan as a battlemage
  3027 | D:4      | Killed Menkaure
  3375 | D:4      | Reached skill level 10 in Stealth
  3383 | D:4      | Found a sparkling altar of Nemelex Xobeh.
  3641 | D:5      | Noticed Edmund
  4289 | D:5      | Killed Edmund
  4290 | D:5      | Reached XP level 8. HP: 45/60 MP: 12/12
  5299 | D:7      | Noticed Joseph
  5309 | D:7      | Killed Joseph
  5310 | D:7      | Reached XP level 9. HP: 10/65 MP: 14/14
  5318 | D:7      | HP: 3/65 [killer bee zombie (3)]
  5318 | D:7      | Slain by a killer bee zombie

Illustrated notes

Levels and vault maps discovered:
D:1:      dpeg_arrival_orchard, layout_rooms, shapermc_ecumenical_altar_pompeii
D:2:      layout_rooms, serial_shops, nicolae_lakefront_shop,
          chequers_serial_rivers_room_a, kennysheep_generic_room_10,
          uniq_crazy_yiuf_cottage
D:3:      layout_rooms, serial_curves, eino_curves_04, eino_curves_02, uniq_ijyb
D:4:      layout_rooms, lemuel_tele_altar, kennysheep_generic_room_11,
          uniq_menkaure
D:5:      layout_cave_pools, grunt_ministairs_10, serial_park_tiny_1,
          st_stairs_1, uniq_edmund
D:6:      layout_cave_pools, minmay_temple_entry_stoned_glass,
          chequers_serial_rivers_small_3
D:7:      layout_loops_ring, minmay_fractal_squares_5, uniq_joseph
Temple:   regret_index_temple_mists

Skill      XL: |  1  2  3  4  5  6  7  8 |
---------------+-------------------------+-----
Stealth        | 10 | 10.4
Invocations    | 1 2 3 4 |  4.3
Long Blades    | 1 2 3 |  3.9
Axes           | 1 2 3 |  3.9
Maces & Flails | 1 2 3 |  3.9
Polearms       | 1 2 3 |  3.9
Staves         | 1 2 3 |  3.9
Slings         | 1 2 3 |  3.9
Bows           | 1 2 3 |  3.9
Crossbows      | 1 2 3 |  3.9
Throwing       | 1 2 3 |  3.9
Armour         | 1 2 3 |  3.9
Shields        | 1 2 3 |  3.9
Unarmed Combat | 1 2 3 |  3.9
Spellcasting   | 1 2 3 |  3.9
Conjurations   | 1 2 3 |  3.2
Hexes          | 1 2 3 |  3.2
Summonings     | 1 2 3 |  3.2
Necromancy     | 1 2 3 |  3.2
Translocations | 1 2 3 |  3.2
Transmutations | 1 2 3 |  3.2
Fire Magic     | 1 2 3 |  3.2
Ice Magic      | 1 2 3 |  3.2
Air Magic      | 1 2 3 |  3.2
Earth Magic    | 1 2 3 |  3.2
Poison Magic   | 1 2 3 |  3.2
Evocations     | 1 2 3 |  3.9
Short Blades   | 5 6 |  6.1
Dodging        | 5 6 |  6.1
Fighting       | 7 |  7.7

Action                   |  1- 3 |  4- 6 |  7- 9 || total
-------------------------+-------+-------+-------++-------
Melee: Short sword       |    12 |     2 |       ||    14
       Bite              |     3 |     7 |    10 ||    20
       Long sword        |       |   123 |    86 ||   209
       Punch             |       |     2 |     2 ||     4
Invok: Ancestor Life: Ba |       |       |     1 ||     1
 Stab: Sleeping          |     1 |    12 |     1 ||    14
       Distracted        |       |       |     1 ||     1
Armor: Leather armour    |     1 |    21 |    16 ||    38
Dodge: Dodged            |     4 |   101 |    89 ||   194
